Map: [ESL] Crimson Court

Players

FoxeR

  • Race: Terran Terran
  • Spawn Location: 7:00

Epic - Winner!

  • Race: Terran Terran
  • Spawn Location: 1:00

Event: ESL SC2 Masters 2024 Spring (Regional)

VOD

Have the link to the VOD?

Description

Time

  • Played on: April 19, 2024, 3:49 p.m.
  • Length: 8:31

All games in this series

Show
View Real Time Build Order
Export as new Build Order

FoxeR Terran 

Build Orders: Cyclone Opening 

Get SALT Encoding   

  12  0:00  SCV  
  13  0:12  SCV  
  14  0:17  Supply Depot  
  14  0:24  SCV  
  15  0:38  SCV  
  15  0:40  Barracks  
  16  0:44  Refinery  
  16  0:50  SCV  
  16  0:52  Refinery  
  17  1:02  SCV  
  18  1:14  SCV  
  19  1:28  Orbital Command, Reaper  
  19  1:31  Supply Depot  
  20  1:42  Factory  
  20  1:54  SCV  
  21  2:02  Reaper  
  21  2:06  SCV  
  23  2:25  SCV  
  23  2:26  Command Center  
  23  2:27  Cyclone  
  26  2:35  Barracks Reactor  
  26  2:37  SCV  
  27  2:47  Supply Depot  
  27  2:49  SCV  
  28  2:51  Starport  
  27  3:00  Factory Tech Lab  
  27  3:01  SCV  
  28  3:13  SCV, Marine x2  
  28  3:19  Siege Tank  
  34  3:25  SCV  
  35  3:29  Starport Tech Lab  
  35  3:33  Marine x2  
  37  3:34  Refinery  
  37  3:38  SCV  
  38  3:47  Orbital Command  
  38  3:49  Raven  
  38  3:50  SCV  
  38  3:51  Marine x2  
  43  4:02  SCV  
  44  4:03  Supply Depot  
  44  4:07  Siege Tank  
  47  4:13  SCV  
  47  4:14  SCV  
  49  4:17  Interference Matrix  
  49  4:19  Marine  
  49  4:20  Marine  
  51  4:25  SCV, Supply Depot  
  51  4:27  SCV  
  53  4:31  Raven  
  53  4:37  SCV, Marine  
  53  4:38  Marine  
  58  4:40  SCV  
  58  4:45  Supply Depot  
  59  4:47  Siege Tank  
  59  4:49  SCV  
  63  4:54  SCV, Marine  
  63  4:58  Marine  
  66  5:01  SCV  
  67  5:07  Raven  
  67  5:13  Command Center  
  69  5:17  SCV  
  69  5:18  Marine  
  69  5:19  SCV  
  72  5:21  Supply Depot  
  72  5:23  Marine  
  72  5:27  Siege Tank  
  75  5:31  SCV  
  76  5:36  Barracks  
  76  5:39  Barracks  
  76  5:40  SCV  
  77  5:43  SCV  
  78  5:52  Refinery  
  78  5:53  SCV  
  78  5:55  SCV, Starport Reactor  
  80  6:00  Engineering Bay  
  80  6:01  Engineering Bay  
  80  6:05  SCV  
  80  6:06  Marine  
  80  6:07  SCV, Siege Tank  
  80  6:08  Stimpack  
  84  6:17  SCV  
  85  6:19  SCV  
  85  6:25  Marine  
  87  6:27  Orbital Command  
  87  6:29  SCV  
  87  6:31  SCV  
  89  6:37  Marine  
  90  6:41  SCV  
  90  6:43  SCV  
  90  6:44  Barracks  
  90  6:45  Starport Reactor, Marine x2  
  90  6:46  Barracks  
  94  6:53  SCV  
  95  6:59  SCV  
  95  7:02  Siege Tank, Orbital Command  
  95  7:05  SCV  
  85  7:15  Marine  
  85  7:17  Marine x2  
  85  7:18  Marine x2  
  85  7:19  SCV  
  85  7:20  SCV  
  71  7:23  Medivac x2  
  71  7:28  SCV  
  76  7:31  SCV  
  76  7:33  Marine x3  
  76  7:35  SCV, Marine x4  
  85  7:37  Armory  
  85  7:39  Siege Tank, Sensor Tower  
  88  7:47  SCV  
  88  7:48  Supply Depot  
  88  7:50  Supply Depot  
  88  7:51  Marine x2  
  91  8:02  Marine  
  80  8:06  Marine  
  80  8:07  Marine  
  80  8:08  Marine  
  80  8:10  Marine x3  
  80  8:11  SCV  
  59  8:14  SCV x2  
Show
View Real Time Build Order
Export as new Build Order

Epic Terran - Winner!

Build Orders: Cyclone Opening 

Get SALT Encoding   

  12  0:00  SCV  
  13  0:12  SCV  
  14  0:16  Supply Depot  
  14  0:24  SCV  
  15  0:38  SCV  
  15  0:40  Barracks  
  16  0:43  Refinery  
  16  0:50  SCV  
  16  0:52  Refinery  
  17  1:02  SCV  
  18  1:14  SCV  
  19  1:27  Reaper, Orbital Command  
  19  1:28  Supply Depot  
  20  1:44  Factory  
  20  1:53  SCV  
  21  1:59  Reaper  
  22  2:05  SCV  
  23  2:18  Command Center  
  23  2:22  SCV  
  24  2:28  Cyclone  
  26  2:34  SCV, Barracks Reactor  
  27  2:40  Supply Depot  
  27  2:46  SCV  
  27  2:51  Starport  
  28  2:59  SCV  
  28  3:01  Factory Tech Lab  
  29  3:10  Marine x2  
  29  3:11  SCV  
  32  3:16  Refinery  
  32  3:19  Siege Tank  
  35  3:23  SCV  
  35  3:27  Starport Tech Lab  
  36  3:31  Orbital Command  
  36  3:35  SCV  
  37  3:46  Raven  
  37  3:47  SCV  
  40  3:53  Interference Matrix  
  40  3:56  SCV  
  40  3:59  SCV  
  42  4:05  Command Center  
  42  4:10  SCV  
  42  4:11  SCV  
  42  4:15  Barracks  
  44  4:18  Stimpack  
  44  4:23  SCV x2  
  46  4:26  Raven  
  46  4:30  Factory Reactor  
  48  4:33  Barracks  
  48  4:36  SCV x2  
  50  4:40  Supply Depot  
  50  4:43  Marine  
  51  4:48  SCV x2  
  53  4:57  Engineering Bay x2  
  52  5:00  SCV x2  
  54  5:07  Marine  
  54  5:14  Marine x2  
  55  5:15  SCV x2  
  55  5:18  Starport Reactor, Orbital Command  
  55  5:20  Siege Tank  
  55  5:21  Marine  
  61  5:22  Marine  
  61  5:27  Terran Infantry Weapons Level 1  
  63  5:29  Terran Infantry Armor Level 1  
  63  5:30  Marine  
  63  5:32  Marine  
  63  5:34  Marine  
  66  5:37  SCV  
  66  5:38  SCV  
  66  5:40  Refinery  
  68  5:46  Supply Depot  
  68  5:48  Marine x3  
  71  5:50  Marine  
  71  5:54  Siege Tank  
  74  5:58  Medivac, Orbital Command  
  74  6:01  SCV  
  77  6:04  SCV  
  77  6:07  Medivac  
  77  6:08  Marine x5  
  84  6:13  Combat Shield  
  84  6:15  Supply Depot  
  84  6:21  Supply Depot  
  84  6:24  Orbital Command  
  84  6:27  Marine  
  85  6:37  SCV x2, Marine x4  
  85  6:39  Medivac  
  93  6:42  Medivac, Siege Tank  
  93  6:45  Supply Depot  
  94  6:55  Marine x3  
  94  6:56  Marine x2  
  98  7:03  SCV x2  
  98  7:08  Armory  
  100  7:11  Orbital Command  
  100  7:15  Marine x2  
  85  7:17  Marine x2  
  85  7:18  SCV x2  
  85  7:22  Medivac x2  
  84  7:33  SCV x2  
  86  7:38  Siege Tank  
  86  7:41  SCV  
  86  7:42  Barracks x2  
  90  7:45  SCV x2  
  90  7:47  Marine  
  93  7:53  SCV  
  93  7:56  Medivac  
  93  7:57  SCV, Medivac  
  93  7:58  SCV  
  99  8:08  SCV  
  99  8:09  Marine x4  
  99  8:10  SCV x2, Marine  
  104  8:15  Supply Depot  
  107  8:24  Supply Depot  
Tags
 
Add a new tag
Caveats
  • Supply blocks, unpowered buildings, or Contaminate may cause inaccurate times.
  • Supply counts are checked every 10 seconds.